 Dungeon Sprint DCSS version 0.17-a0-671-g4330659 (webtiles) character file.

187 sugabear the Grappler (level 5, -4/57 HPs)
             Began as a Troll Monk on Apr 18, 2015.
             Was a Priest of Makhleb.
             Slain by a black bear (6 damage)
             ... in the Dungeon (Sprint IX: "|||||||||||||||||||||||||||||").
             The game lasted 00:01:10 (324 turns).

sugabear the Grappler (Troll Monk)                   Turns: 324, Time: 00:01:10

Health: -4/57      AC:  5    Str: 22    XL:     5   Next: 39%
Magic:  4/4        EV: 13    Int:  6    God:    Makhleb [***...]
Gold:   0          SH:  0    Dex: 16    Spells: 0 memorised, 4 levels left

rFire  . . .     SeeInvis .       - Unarmed
rCold  . . .     Clarity  .     a - +0 robe
rNeg   . . .     SustAb   .     (no shield)
rPois  .         Gourm    +     (helmet restricted)
rElec  .         Spirit   .     (no cloak)
rCorr  .         Warding  .     (gloves unavailable)
rMut   .         NoTele   +     (boots unavailable)
MR     .....                    (no amulet)
Stlth  ++........               n - +3 ring of strength
                                m - +3 ring of dexterity

@: not resistant to hostile enchantments, unstealthy
A: unfitting armour, claws 3, fast metabolism 3, gourmand, regeneration 2,
shaggy fur 1, tough skin 2
a: Minor Destruction, Lesser Servant of Makhleb, Renounce Religion


You were in the Dungeon.
You worshipped Makhleb.
Makhleb was most pleased with you.
You were not hungry.

You visited 1 branch

Inventory:

Armour
 a - a +0 robe (worn)
Jewellery
 m - a +3 ring of dexterity (left claw)
 n - a +3 ring of strength (right claw)
Magical devices
 l - a wand of draining (7)
Scrolls
 h - 2 scrolls of blinking
 j - 3 scrolls of remove curse
 k - 2 scrolls of amnesia
Potions
 c - 5 potions of curing
 d - 3 potions of heal wounds
 e - a potion of haste
 f - 4 potions of magic
 g - a potion of berserk rage
 i - a potion of invisibility
Comestibles
 b - 2 bread rations


   Skills:
 + Level 5.2 Fighting
 + Level 5.5 Dodging
 - Level 1.1 Stealth
 + Level 8.6 Unarmed Combat


You had 4 spell levels left.
You didn't know any spells.

Dungeon Overview and Level Annotations

Branches:
Dungeon (1/1)

Altars:
Cheibriados
Dithmenos
Elyvilon
Fedhas
Gozag
Kikubaaqudgha
Makhleb
Nemelex Xobeh
Okawaru
Qazlal
Ru
Sif Muna
Trog
Vehumet
Xom
Yredelemnul
Zin
The Shining One
Beogh
Jiyva
Lugonu


Innate Abilities, Weirdness & Mutations

You are too large for most types of armour.
You have claws for hands.
Your metabolism is lightning-fast.
You like to eat raw meat.
You heal very quickly.
You are covered in fur (AC +1).
You have very tough skin (AC +2).


Message History

The black bear bites you!
* * * LOW HITPOINT WARNING * * *
The black bear barely misses you. x2
Things that are here:
a club x2 a +0 plate armour You see here a +0 cloak.
The black bear rages.
The black bear closely misses you. The black bear claws you.
* * * LOW HITPOINT WARNING * * *
The black bear claws you.
* * * LOW HITPOINT WARNING * * *
You see here a +0 cloak.
Items here: ))))))
You barely miss the black bear.
The black bear is almost dead.
The black bear bites you but does no damage.
The black bear completely misses you. x2
The black bear bites you.
You die...

▓.▓
▓≈▓
▓'▓
▓.▓
▓.▓
▓)▓
▓[▓
▓h▓
▓@▓
▓|▓
▓.▓
▓.▓
▓'▓
▓_▓
▓_▓
▓_▓
▓_▓


You could see a black bear (berserk).

Vanquished Creatures
  A sky beast (D)
  A hound (D)
  An iguana (D)
  An adder (D)
  A shadow imp (D)
  2 giant geckos (D)
  A bat (D)
  A bat zombie (D)
  4 hobgoblins (D)
  A giant gecko zombie (D)
  A goblin (D)
  A hobgoblin zombie (D)
  2 rats (D)
  A rat zombie (D)
19 creatures vanquished.

Notes
Turn   | Place    | Note
--------------------------------------------------------------
     0 | D        | sugabear, the Troll Monk, began the quest for the Orb.
     0 | D        | Reached XP level 1. HP: 22/22 MP: 0/0
    24 | D        | Noticed an iguana
    33 | D        | Reached skill level 5 in Unarmed Combat
    33 | D        | Reached XP level 2. HP: 25/31 MP: 1/1
    58 | D        | Reached XP level 3. HP: 22/37 MP: 2/2
    62 | D        | Killed an iguana
    62 | D        | Reached skill level 6 in Unarmed Combat
   225 | D        | Found a glowing silver altar of Zin.
   225 | D        | Found a glowing golden altar of the Shining One.
   225 | D        | Found an ancient bone altar of Kikubaaqudgha.
   225 | D        | Found a basalt altar of Yredelemnul.
   225 | D        | Found a shimmering altar of Xom.
   225 | D        | Found a radiant altar of Vehumet.
   225 | D        | Found an iron altar of Okawaru.
   226 | D        | Found a burning altar of Makhleb.
   227 | D        | Found a deep blue altar of Sif Muna.
   228 | D        | Found a bloodstained altar of Trog.
   229 | D        | Found a sparkling altar of Nemelex Xobeh.
   230 | D        | Found a white marble altar of Elyvilon.
   231 | D        | Found a roughly hewn altar of Beogh.
   232 | D        | Found a viscous altar of Jiyva.
   233 | D        | Found a corrupted altar of Lugonu.
   234 | D        | Found a blossoming altar of Fedhas.
   235 | D        | Found a snail-covered altar of Cheibriados.
   236 | D        | Found a shadowy altar of Dithmenos.
   237 | D        | Found a stormy altar of Qazlal.
   238 | D        | Found an opulent altar of Gozag.
   239 | D        | Found a sacrificial altar of Ru.
   247 | D        | Became a worshipper of Makhleb the Destroyer
   247 | D        | Acquired Makhleb's first power
   247 | D        | Acquired Makhleb's second power
   279 | D        | Noticed a black bear
   279 | D        | Noticed a sky beast
   279 | D        | Noticed a hound
   283 | D        | Killed a hound
   283 | D        | Reached skill level 7 in Unarmed Combat
   283 | D        | Reached XP level 4. HP: 48/48 MP: 3/3
   297 | D        | Killed a sky beast
   297 | D        | Acquired Makhleb's third power
   297 | D        | Reached skill level 5 in Fighting
   297 | D        | Reached skill level 5 in Dodging
   297 | D        | Reached skill level 8 in Unarmed Combat
   297 | D        | Reached XP level 5. HP: 21/57 MP: 4/4
   322 | D        | HP: 2/57 [black bear (2)]
   324 | D        | Slain by a black bear

Action                   |  1- 3 |  4- 6 || total
-------------------------+-------+-------++-------
Melee: Unarmed           |    43 |    21 ||    64
